AoeStats
← KOSOVAR

Arabia

507312021Analyzed
1v1 RM · 16d ago on Sep 17, 2026· 49m 24s· 2 players
Game mode
Random Map
Map size
Tiny (2 player)
Population
200
Speed
Normal
Resources
Standard
Victory
Conquest
Starting age
Dark Age
Ending age
Imperial Age
RankedLock teamsTeams togetherTeam positionsShared explorationLock speedFull tech treeHidden civsTurbo modeCheats
Victory
Defeat
🇪🇸 Tatars · Spain
665
+15
🇨🇿 Vikings · Czechia
639
-15
Franz III
7:45 Loom
10:14 Feudal Age
10:43 Double-Bit Axe
10:41 Horse Collar
15:12 Gold Mining
15:58 Stone Mining
22:11 Castle Age
23:34 Gold Shaft Mining
23:01 Heavy Plow
24:39 Bow Saw
24:49 Scale Barding Armor
24:45 Scale Mail Armor
24:46 Padded Archer Armor
32:43 Imperial Age
32:56 Chieftains
33:55 Chain Barding Armor
33:50 Chain Mail Armor
33:51 Leather Archer Armor
33:27 Fletching
33:23 Pikeman
34:41 Cavalier
36:01 Crossbowman
36:46 Squires
37:53 Arbalester
41:42 Elite Berserk
46:44 Ring Archer Armor
46:25 Forging
KOSOVAR
7:05 Loom
10:47 Feudal Age
12:28 Double-Bit Axe
20:14 Castle Age
18:49 Horse Collar
19:57 Bloodlines
19:44 Fletching
20:39 Padded Archer Armor
20:35 Gold Mining
27:11 Heavy Plow
28:19 Ballistics
27:57 Bodkin Arrow
29:11 Husbandry
30:34 Wheelbarrow
32:25 Silk Armor
35:18 Imperial Age
33:32 Hand Cart
34:29 Leather Archer Armor
34:21 Scale Barding Armor
34:57 Gold Shaft Mining
37:01 Conscription
38:57 Timurid Siegecraft
38:13 Heavy Cavalry Archer
39:14 Bracer
39:45 Ring Archer Armor
40:22 Chemistry
41:01 Bow Saw
45:06 Elite Keshik
Connection lost

Rejoining the realm…

Still unreachable

The connection could not be restored.

Session expired

The server has moved on; the page needs a fresh start.